Map: Ulrena

Players

State

  • Race: Protoss Protoss
  • League: Grandmaster

Vaisravana - Winner!

  • Race: Zerg Zerg
  • League: Master

VOD

Have the link to the VOD?

Description

Time

  • Played on: Dec. 8, 2015, 11:35 p.m.
  • Length: 10:40
Show
View Real Time Build Order
Export as new Build Order

State Protoss 

Build Orders: Oracle Opening 

Get SALT Encoding   

  12  0:02  Probe (Chrono Boost)  
  13  0:13  Probe (Chrono Boost)  
  14  0:18  Pylon  
  14  0:23  Probe (Chrono Boost)  
  15  0:36  Probe (Chrono Boost)  
  15  0:42  Gateway  
  16  0:47  Probe (Chrono Boost)  
  16  0:48  Assimilator  
  17  0:57  Probe (Chrono Boost)  
  18  1:05  Assimilator  
  18  1:09  Probe (Chrono Boost)  
  19  1:16  Gateway  
  19  1:17  Gateway  
  19  1:19  Probe (Chrono Boost)  
  20  1:26  Pylon  
  20  1:30  Probe (Chrono Boost)  
  21  1:33  Cybernetics Core  
  21  1:40  Probe (Chrono Boost)  
  21  1:46  Pylon  
  22  1:52  Probe (Chrono Boost)  
  23  2:05  Pylon  
  23  2:09  Adept  
  23  2:10  Adept  
  23  2:11  Warp Gate (Chrono Boost)  
  27  2:16  Pylon  
  27  2:30  Stargate  
  27  2:36  Adept  
  31  2:37  Adept  
  31  2:55  Pylon  
  31  3:05  Nexus  
  31  3:19  Oracle (Chrono Boost)  
  29  3:24  Probe  
  33  3:33  Pylon  
  33  3:36  Probe  
  30  3:45  Forge  
  30  3:48  Mothership Core  
  30  3:52  Sentry x2  
  34  4:06  Pylon  
  35  4:10  Probe  
  35  4:18  Protoss Ground Weapons Level 1  
  35  4:22  Probe  
  37  4:25  Probe  
  31  4:41  Gateway  
  31  4:48  Sentry  
  31  4:50  Probe (Chrono Boost)  
  31  4:51  Probe (Chrono Boost)  
  28  5:02  Probe (Chrono Boost)  
  28  5:03  Probe (Chrono Boost)  
  30  5:13  Probe (Chrono Boost), Pylon  
  30  5:14  Probe (Chrono Boost)  
  32  5:23  Probe (Chrono Boost)  
  32  5:24  Probe (Chrono Boost)  
  34  5:34  Probe (Chrono Boost)  
  34  5:35  Probe (Chrono Boost)  
  36  5:37  Adept, Zealot  
  40  5:44  Probe (Chrono Boost)  
  40  5:48  Probe (Chrono Boost)  
  42  5:55  Probe (Chrono Boost)  
  43  5:57  Zealot  
  43  5:58  Zealot  
  43  5:59  Sentry  
  49  6:06  Probe x2 (Chrono Boost)  
  48  6:18  Pylon  
  48  6:25  Probe x2 (Chrono Boost)  
  50  6:28  Phoenix  
  50  6:34  Pylon  
  50  6:35  Probe x2 (Chrono Boost)  
  52  6:40  Pylon  
  52  6:46  Probe x2 (Chrono Boost)  
  54  6:48  Twilight Council  
  54  6:50  Robotics Facility  
  54  6:56  Probe (Chrono Boost)  
  54  6:57  Probe (Chrono Boost)  
  56  7:02  Forge  
  56  7:07  Probe (Chrono Boost)  
  57  7:11  Void Ray (Chrono Boost)  
  57  7:12  Probe  
  62  7:16  Pylon  
  62  7:19  Probe  
  63  7:23  Probe, Protoss Ground Weapons Level 2  
  64  7:39  Warp Prism  
  64  7:43  Zealot  
  64  7:44  Zealot  
  70  7:46  Assimilator  
  70  7:49  Assimilator  
  70  7:52  Probe  
  70  7:53  Probe  
  70  7:55  Zealot  
  74  8:03  Blink (Chrono Boost)  
  74  8:08  Nexus  
  74  8:20  Zealot x3  
  74  8:21  Probe  
  74  8:22  Probe  
  82  8:36  Probe x2  
  84  8:42  Zealot  
  84  8:48  Probe x2  
  84  8:53  Robotics Bay, Robotics Facility  
  86  9:01  Pylon  
  86  9:04  Pylon  
  86  9:19  Observer  
  87  9:24  Adept x3  
  87  9:25  Probe x2  
  83  9:48  Colossus (Chrono Boost)  
  83  9:50  Probe  
  83  9:51  Probe x2  
  94  10:00  Probe  
  94  10:03  Probe x2  
  95  10:08  Zealot x3  
  61  10:31  Zealot x3  
Show
View Real Time Build Order
Export as new Build Order

Vaisravana Zerg - Winner!

Build Orders: Pool First 

Get SALT Encoding   

  12  0:00  Drone  
  13  0:12  Overlord  
  13  0:17  Drone  
  14  0:30  Drone x2  
  14  0:34  Drone  
  17  0:37  Extractor  
  16  0:47  Spawning Pool  
  15  0:51  Drone  
  15  0:56  Drone  
  17  1:06  Drone  
  18  1:34  Zergling x4  
  18  1:35  Hatchery  
  19  1:40  Metabolic Boost  
  19  1:50  Queen  
  21  2:04  Drone  
  21  2:05  Overlord  
  22  2:26  Pneumatized Carapace  
  22  2:27  Drone x3  
  25  2:44  Zergling x2  
  25  2:49  Zergling x4  
  26  2:55  Evolution Chamber  
  26  2:58  Zergling x2  
  26  3:00  Zergling x6  
  29  3:07  Zergling x2  
  27  3:22  Zergling x6  
  27  3:24  Zergling x2  
  29  3:35  Zergling x4  
  29  3:43  Zergling x2  
  30  3:54  Zergling x4  
  32  4:04  Spore Crawler  
  31  4:14  Extractor  
  31  4:15  Spore Crawler, Extractor  
  26  4:24  Zergling x12  
  26  4:25  Queen  
  26  4:26  Queen  
  36  4:51  Overlord x2  
  31  5:05  Zergling x10  
  35  5:10  Queen x2  
  35  5:14  Drone  
  40  5:17  Drone x2  
  42  5:23  Hatchery  
  40  5:30  Drone  
  40  5:31  Drone  
  42  5:41  Drone x2  
  42  5:42  Drone x4  
  48  5:49  Drone x2  
  50  5:55  Drone x2  
  49  6:06  Drone x2  
  42  6:29  Drone x2, Overlord x3  
  42  6:40  Lair  
  42  6:42  Zergling x8  
  46  6:49  Drone x5  
  46  6:53  Extractor  
  50  6:54  Roach Warren  
  50  6:55  Extractor  
  50  6:57  Drone x3, Extractor  
  50  7:03  Drone  
  50  7:05  Drone  
  50  7:07  Drone x2  
  50  7:08  Drone x2  
  56  7:12  Drone x3  
  59  7:16  Drone  
  59  7:19  Drone x2  
  62  7:28  Drone  
  63  7:30  Drone  
  63  7:31  Drone  
  63  7:35  Drone  
  63  7:36  Drone x2  
  68  7:39  Zerg Missile Weapons Level 1  
  68  7:42  Hydralisk Den  
  67  7:44  Overlord x2  
  67  7:51  Drone  
  67  7:52  Drone x5  
  67  7:57  Overlord  
  73  8:02  Drone  
  74  8:12  Hydralisk x8  
  76  8:15  Muscular Augments  
  76  8:17  Overlord  
  76  8:18  Overlord  
  90  8:26  Overlord x2  
  89  8:30  Extractor x2  
  87  8:36  Hydralisk x5  
  97  8:54  Hydralisk x2  
  101  9:02  Hydralisk x2  
  101  9:03  Zergling x4  
  101  9:04  Zergling x8  
  111  9:10  Overseer  
  111  9:11  Zergling x6  
  112  9:21  Zergling x6  
  110  9:25  Hatchery  
  110  9:31  Hydralisk x6  
  102  9:47  Drone x3  
  105  9:56  Hydralisk x4  
  105  9:57  Overlord  
  105  9:58  Overlord  
  110  10:19  Zergling x18  
Tags
 
Add a new tag
Caveats
  • Supply blocks, unpowered buildings, or Contaminate may cause inaccurate times.
  • Supply counts are checked every 10 seconds.